 Dungeon Crawl Stone Soup version 0.29.1-2-gbd0b4ee654 (webtiles) character file.

Game seed: 17995060556844978735

81 Icepheonix32 the Ruffian (level 4, -4/35 HPs)
             Began as a Demigod Transmuter on Nov 9, 2022.
             Slain by Robin
             ... wielding a +2 trident of flaming
              (10 damage)
             ... on level 2 of the Dungeon.
             The game lasted 00:02:23 (2120 turns).

Icepheonix32 the Ruffian (Demigod Transmuter)       Turns: 2120, Time: 00:02:24

Health: -4/35      AC:  2    Str: 15    XL:     4   Next: 0%
Magic:  2/10       EV: 24    Int: 15    God:
Gold:   45         SH:  0    Dex: 25    Spells: 1/7 levels left

rFire   . . .      SeeInvis .     - Unarmed
rCold   + . .      Faith    .   (shield currently unavailable)
rNeg    . . .      Spirit   .   (body armour currently unavailable)
rPois   x          Reflect  .   (helmet currently unavailable)
rElec   .          Harm     .   (cloak currently unavailable)
rCorr   .          Rampage  .   (gloves currently unavailable)
Will    .....                   (boots currently unavailable)
Stlth   +++.......              (no amulet)
HPRegen 0.11/turn               h - +4 ring of evasion
MPRegen 0.12/turn               b - ring "Coevob" {rC+ Dex+6 Stlth+}

@: spider-form, wereblooded, very slightly contaminated
A: venomous fangs, tiny, high MP 1, forlorn, divine attributes
a: End Transformation


You were on level 2 of the Dungeon.
You were a venomous arachnid creature.
You visited 1 branch of the dungeon, and saw 2 of its levels.

You collected 45 gold pieces.

Inventory:

Missiles
 f - 5 curare-tipped darts
Armour
 a - a +0 robe (melded)
 e - a +4 plate armour
Jewellery
 b - the ring "Coevob" (right front leg) {rC+ Dex+6 Stlth+}
   (You found it on level 2 of the Dungeon)

   [ring of dexterity]

   Dex:       It affects your dexterity (+6).
   rC:        It protects you from cold.
   Stlth:     It makes you more stealthy.
 h - a +4 ring of evasion (left front leg)
 m - a ring of willpower
Scrolls
 c - a scroll of noise {unknown}
 d - a scroll of teleportation {unknown}
 g - 2 scrolls of fear {unknown}
 i - a scroll of summoning {unknown}
 k - a scroll of vulnerability {unknown}
 l - 2 scrolls of identify {unknown}


   Skills:
 + Level 1.1 Fighting
 * Level 2.3 Dodging
 - Level 0.2 Stealth
 - Level 3.2 Unarmed Combat
 + Level 2.3 Spellcasting
 * Level 2.6 Transmutations


You had one spell level left.
You knew the following spells:

 Your Spells              Type           Power      Damage    Failure   Level
a - Beastly Appendage     Tmut           18%        N/A       19%         1
b - Spider Form           Tmut/Pois      5%         N/A       58%         3
c - Wereblood             Tmut           9%         N/A       26%         2

Your spell library contained the following spells:

 Spells                   Type           Power      Damage    Failure   Level
 Ignite Poison            Fire/Tmut/Pois 4%         N/A       63%         3
 Mephitic Cloud           Conj/Pois/Air  1%         N/A       75%         3
 Ice Form                 Ice/Tmut       5%         N/A       90%         4
 Freezing Cloud           Conj/Ice/Air   0%         6-21      100%        5


Dungeon Overview and Level Annotations

Branches:
Dungeon (2/15)

Annotations:
D:2 Robin


Innate Abilities, Weirdness & Mutations

You are a venomous arachnid creature.
You have poisonous fangs.
You are tiny and dextrous.
Your spellcasting is less reliable in this form.
Your armour is entirely melded.
You are incapable of wielding weapons or throwing items.
You have an increased reservoir of magic. (+10% MP)
You shall have no god before yourself.
Your divine heritage dramatically boosts your attributes as you level up.


Message History

Your horns disappear.
Your talons disappear.
Items here: ))) †.
You barely miss Robin. Robin closely misses you. The goblin closely misses you.
You hit Robin but do no damage. Robin throws the goblin at you!
The goblin closely misses you.
You hit Robin.
Robin is moderately wounded.
Robin hits you with a +2 trident of flaming.
Robin burns you. The goblin closely misses you.
The goblin hits you with a +0 club.
It was a potion of curing.
You feel better. The goblin misses you. The goblin barely misses you.
Casting: Wereblood (safe; 11% risk of failure)
Confirm with . or Enter, or press ? or * to list all spells.
You grow a pair of large bovine horns.
Your feet morph into talons.
Robin hits you with a +2 trident of flaming.
Robin burns you. The goblin misses you. The goblin barely misses you.
Casting: Beastly Appendage (safe; 7% risk of failure)
Confirm with . or Enter, or press ? or * to list all spells.
The spell is quite dangerous to miscast (36% risk of failure)!
Continue anyway?
You miscast Spider Form.
You are very lightly contaminated with residual magic.
Nothing appears to happen.
The goblin misses you. The goblin barely misses you.
Unknown command.
Casting: Spider Form (quite dangerous; 36% risk of failure)
Confirm with . or Enter, or press ? or * to list all spells.
The spell is quite dangerous to miscast (36% risk of failure)!
Continue anyway?
Your horns disappear.
Your talons disappear.
You turn into a venomous arachnid creature.
Your +0 robe melds into your body.
The goblin completely misses you. x2
Unknown command.
You hit Robin but do no damage.
Robin is poisoned.
Robin is moderately wounded.
The goblin hits you with a +0 club.
* * * LOW HITPOINT WARNING * * *
The goblin completely misses you.
Unknown command.
You closely miss the goblin.
Robin hits you with a +2 trident of flaming!
You die...

#.# #.#
#.# #.#
#.# #.#
#.# #.###
#.####...#
#......#.#
########)#
#g# #s#
......gg#
#########


You could see Robin (very poisoned) and 2 goblins.

Vanquished Creatures
  Terence (D:2)
  2 adders (D:2)
  5 endoplasms (D:1)
  3 giant cockroaches (D:2)
  6 goblins
  5 hobgoblins
  2 jackals (D:1)
  A ball python (D:1)
  5 bats
  A frilled lizard (D:2)
  2 kobolds
  A rat (D:2)
34 creatures vanquished.

Notes
Turn   | Place    | Note
-------+----------+-------------------------------------------
     0 | D:1      | Icepheonix32 the Demigod Transmuter began the quest for the
                  | Orb.
     0 | D:1      | Reached XP level 1. HP: 15/15 MP: 5/5
   311 | D:1      | Reached skill level 3 in Unarmed Combat
   311 | D:1      | Reached XP level 2. HP: 15/22 MP: 5/7
  1549 | D:2      | Reached skill level 1 in Fighting
  1549 | D:2      | Reached XP level 3. HP: 19/28 MP: 6/8
  1681 | D:2      | Noticed Terence
  1692 | D:2      | Killed Terence
  1740 | D:2      | Identified the ring "Coevob" {rC+ Dex+6 Stlth+}
  1887 | D:2      | Learned a level 3 spell: Spider Form
  1890 | D:2      | Learned a level 2 spell: Wereblood
  2105 | D:2      | Noticed Robin
  2109 | D:2      | Reached XP level 4. HP: 30/35 MP: 10/10
  2120 | D:2      | Slain by Robin

Illustrated notes

Levels and vault maps discovered:
D:1:      scummos_arrival_gate, layout_loops_cross,
          chequers_ecumenical_altar_island, minmay_misc_feat_alley
D:2:      layout_basic, chequers_serial_rivers_micro_e, uniq_terence, uniq_robin

Skill      XL: |  1  2 |
---------------+-------+-----
Transmutations | 2 |  2.6
Unarmed Combat | 3 |  3.2
Spellcasting   | 2 |  2.3
Fighting       | 1 |  1.1
Dodging        | 2 |  2.3
Stealth        | |  0.2

Action                   |  1- 3 |  4- 6 || total
-------------------------+-------+-------++-------
Melee: Unarmed           |    99 |     6 ||   105
       Kick              |    17 |     1 ||    18
       Headbutt          |     5 |       ||     5
       Punch             |     2 |       ||     2
 Cast: Beastly Appendage |    22 |     1 ||    23
       Spider Form       |       |     1 ||     1
       Wereblood         |       |     1 ||     1
  Use: Potion            |     1 |     1 ||     2
 Stab: Sleeping          |     2 |       ||     2
Armor: Robe              |    26 |       ||    26
       Skin              |     6 |       ||     6
Dodge: Dodged            |    55 |    14 ||    69
